 Dungeon Crawl Stone Soup version 0.21-a0-529-g8c7b3f5 (webtiles) character file.

343 slep the Chopper (level 6, -4/46 HPs)
             Began as a Demonspawn Gladiator on Dec 11, 2017.
             Slain by a wraith (10 damage)
             ... in an ossuary.
             The game lasted 00:08:28 (1923 turns).

slep the Chopper (Demonspawn Gladiator)             Turns: 1923, Time: 00:08:29

Health: -4/46      AC: 11    Str: 16    XL:     6   Next: 31%
Magic:  6/6        EV: 13    Int:  9    God:
Gold:   116        SH:  0    Dex: 15    Spells: 5/5 levels left

rFire    . . .     SeeInvis .   a - +0 war axe
rCold    . . .     Gourm    .   (no shield)
rNeg     . . .     Faith    .   b - +0 leather armour
rPois    .         Spirit   .   c - +0 helmet
rElec    .         Reflect  .   (no cloak)
rCorr    .         Harm     .   u - +0 pair of gloves
MR       +....                  (no boots)
Stlth    +.........             (no amulet)
HPRegen  0.15/turn              g - ring of protection from magic
MPRegen  0.10/turn              (no ring)

@: sanguine armour, hasted and slowed
A: powered by pain 1, spiny 1, sanguine armour 1
a: no special abilities


You were in an ossuary.
You were hungry.

You visited 1 branch of the dungeon, and saw 4 of its levels.
You also visited: Ossuary.

You collected 116 gold pieces.

Inventory:

Hand Weapons
 a - a +0 war axe (weapon)
Missiles
 d - 3 throwing nets (quivered)
Armour
 b - a +0 leather armour (worn)
 c - a +0 helmet (worn)
 u - a +0 pair of gloves (worn)
Magical Staves
 h - an uncursed staff of poison
Jewellery
 g - a ring of protection from magic (left hand)
Wands
 p - a wand of random effects (23)
 t - a wand of paralysis (7)
Scrolls
 e - a scroll of teleportation {unknown}
 j - a scroll of fear {unknown}
 k - a scroll of blinking {unknown}
 n - a scroll of enchant armour {unknown}
 q - a scroll of identify {unknown}
 r - 3 scrolls of magic mapping {unknown}
 s - a scroll of fog {unknown}
Potions
 o - 2 potions of haste
 v - a potion of ambrosia {unknown}
 w - a potion of agility {unknown}
Comestibles
 f - 3 bread rations
 l - a meat ration
 m - 2 royal jellies


   Skills:
 + Level 2.8 Fighting
 + Level 5.0 Axes
 + Level 1.9 Throwing
 + Level 2.1 Armour
 + Level 3.5 Dodging
 + Level 0.3 Stealth


You had 5 spell levels left.
You didn't know any spells.

Dungeon Overview and Level Annotations

Branches:
Dungeon (4/15)
 Temple: D:4-7

Altars:
Ashenzari
Cheibriados
Ru
Yredelemnul
The Shining One

Annotations:
D:3 Sigmund, Terence


Innate Abilities, Weirdness & Mutations

You sometimes gain a little power by taking damage.
You are partially covered in sharp spines.
When seriously injured, your bleeding wounds create armour. (AC +6)


Message History

The wraith closely misses you.
Evoke which item? (* to show all) (? for menu, Esc to quit)
Aiming: Paralyse
Press: ? - help, Shift-Dir - straight line, f - wraith
Aim: a wraith (heavily damaged, chance to defeat MR: 15%)
The wraith resists with almost no effort.
The wraith hits you.
* * * LOW HITPOINT WARNING * * *
It was a potion of haste.
You feel yourself speed up. The wraith misses you.
The wraith barely misses you.
It was a potion of curing.
You feel better. The wraith hits you!
* * * LOW HITPOINT WARNING * * *
You barely miss the wraith.
The wraith is heavily damaged.
The wraith hits you.
* * * LOW HITPOINT WARNING * * *
You hit the wraith.
The wraith is heavily damaged.
The wraith is struck by your spines. The wraith hits you!
You die...

## .. ..##
..##### ..##
.##...##...## .
##.?.!.##...# ..
#.!??!?.W...+
...##.!!!.##@..#
#...##...##...##
#...#####...## .
#.........##...
.#####'#####....
.................
.................
######'''########
#...####


You could see a wraith.

Vanquished Creatures
  The ghost of lunkers the Gusty, an amateur OpAE (Ossuary)
  A worker ant (D:4)
  A mummy (Ossuary)
  6 adders
  3 worms
  A dart slug (D:2)
  A leopard gecko (D:3)
  10 orcs
  5 giant cockroaches
  5 goblins
  7 hobgoblins
  2 quokkas
  2 ball pythons
  7 bats
  2 frilled lizards
  3 gnoll skeletons (Ossuary)
  3 kobolds
  2 kobold skeletons (Ossuary)
  4 orc skeletons (Ossuary)
  3 rats
69 creatures vanquished.

Notes
Turn   | Place    | Note
-------+----------+-------------------------------------------
     0 | D:1      | slep the Demonspawn Gladiator began the quest for the Orb.
     0 | D:1      | Reached XP level 1. HP: 16/16 MP: 1/1
   124 | D:1      | Reached skill level 3 in Axes
   124 | D:1      | Gained mutation: When seriously injured, your bleeding wounds create armour. (AC +6) [demonic ancestry]
   124 | D:1      | Reached XP level 2. HP: 14/22 MP: 2/2
   635 | D:2      | Reached XP level 3. HP: 23/27 MP: 3/3
   659 | D:2      | Found a glowing golden altar of the Shining One.
   790 | D:2      | Found a sacrificial altar of Ru.
   938 | D:2      | Found a shattered altar of Ashenzari.
   938 | D:2      | Found a snail-covered altar of Cheibriados.
   939 | D:2      | Found a basalt altar of Yredelemnul.
  1150 | D:2      | Reached XP level 4. HP: 9/34 MP: 4/4
  1288 | D:3      | Noticed Terence
  1327 | D:3      | Reached skill level 4 in Axes
  1348 | D:3      | Reached skill level 1 in Armour
  1572 | D:3      | Noticed Sigmund
  1630 | D:4      | Gained mutation: You sometimes gain a little power by taking damage. [demonic ancestry]
  1630 | D:4      | Reached XP level 5. HP: 34/39 MP: 5/5
  1697 | D:4      | Found a sand-covered staircase.
  1705 | Ossuary  | Entered an ossuary
  1705 | Ossuary  | Noticed a wraith
  1705 | Ossuary  | Noticed a wraith
  1705 | Ossuary  | Noticed a wraith
  1727 | Ossuary  | Noticed lunkers's ghost (amateur OpAE)
  1756 | Ossuary  | Killed lunkers's ghost
  1756 | Ossuary  | Reached skill level 5 in Axes
  1756 | Ossuary  | Gained mutation: You are partially covered in sharp spines. [demonic ancestry]
  1756 | Ossuary  | Reached XP level 6. HP: 11/46 MP: 6/6
  1910 | Ossuary  | Noticed a wraith
  1923 | Ossuary  | Slain by a wraith

Vault maps used:
D:1:      matt_arrival_grand_opening
D:2:      old_standard_altar, gammafunk_temple_overflow_claw, tso_altar
D:3:      chequers_ecumenical_altar_lobes, first_bread, serial_bayou_pond_d,
          uniq_terence, uniq_sigmund, uniq_grinder
D:4:      nicolae_overflow_crystal_walls, minmay_temple_entry_nine_rooms,
          nicolae_ossuary_entry_plus, grunt_gozag_statues, uniq_edmund,
          uniq_pikel
Ossuary:  ossuary_due_mausoleum

Skill      XL: |  1  2  3  4  5 |
---------------+----------------+-----
Axes           | 3 4 5 |  5.0
Dodging        | 3 |  3.5
Armour         | 1 2 |  2.1
Fighting       | |  2.8
Throwing       | |  1.9
Stealth        | |  0.3

Action                   |  1- 3 |  4- 6 || total
-------------------------+-------+-------++-------
Melee: War axe           |   108 |   139 ||   247
Evoke: Wand              |       |     1 ||     1
  Use: Potion            |       |     4 ||     4
 Stab: Distracted        |     1 |       ||     1
  Eat: Chunk             |     1 |     2 ||     3
Armor: Leather armour    |    39 |    53 ||    92
Dodge: Dodged            |    87 |   105 ||   192

Table legend:
 A = Spawn XP
 B = Non-spawn XP
 C = Spawn XP percentage of total XP
 D = Spawn monster count
 E = Non-spawn monster count
 F = Spawn count percentage of total count
 G = Total turns spent on level
                    A         B        C        D         E        F      G
               +---------+---------+-------+---------+---------+-------+---------
         Total |       0 |     490 |   0.0 |       0 |      69 |   0.0 |  1923
               +---------+---------+-------+---------+---------+-------+---------
           D:1 |       0 |      31 |   0.0 |       0 |      19 |   0.0 |   602
           D:2 |       0 |      71 |   0.0 |       0 |      16 |   0.0 |   615
           D:3 |       0 |      76 |   0.0 |       0 |      17 |   0.0 |   359
           D:4 |       0 |      50 |   0.0 |       0 |       6 |   0.0 |   129
       Ossuary |       0 |     262 |   0.0 |       0 |      11 |   0.0 |   218
               +---------+---------+-------+---------+---------+-------+---------
